 Dungeon Crawl Stone Soup version 0.25-a0-1007-g10a8c3caa8 (webtiles) character file.

Game seed: 10676380552777285246, levelgen mode: deterministic

184 Flugslaktarn the Chopper (level 5, 0/49 HPs)
             Began as a Deep Dwarf Fighter on May 11, 2020.
             Succumbed to Duvessa's poison
             ... on level 4 of the Dungeon.
             The game lasted 00:00:34 (762 turns).

Flugslaktarn the Chopper (Deep Dwarf Fighter)        Turns: 762, Time: 00:00:35

Health: 0/49       AC:  8    Str: 20    XL:     5   Next: 36%
Magic:  4/4        EV:  7    Int:  8    God:
Gold:   37         SH:  9    Dex: 13    Spells: 4/4 levels left

rFire    . . .     SeeInvis .   a - +0 war axe
rCold    . . .     Gourm    .   c - +0 kite shield
rNeg     . . .     Faith    .   b - +0 scale mail
rPois    .         Spirit   .   h - +1 hat
rElec    .         Reflect  .   (no cloak)
rCorr    .         Harm     .   (no gloves)
MR       .....                  (no boots)
Stlth    ..........             (no amulet)
HPRegen  0.00/turn              (no ring)
MPRegen  0.09/turn              (no ring)

@: lethally poisoned (0 -> -32), non-regenerating
A: damage resistance, heal wounds, sense surroundings 1, no regeneration
a: Heal Wounds


You were on level 4 of the Dungeon.
You were not hungry.

You visited 1 branch of the dungeon, and saw 4 of its levels.

You collected 37 gold pieces.

Inventory:

Hand Weapons
 a - a +0 war axe (weapon)
Armour
 b - a +0 scale mail (worn)
 c - a +0 kite shield (worn)
 h - a +1 hat (worn)
   (You found it on level 1 of the Dungeon)
Scrolls
 f - a scroll of teleportation {unknown}
 k - a scroll of remove curse {unknown}
 m - a scroll of identify {unknown}
 n - a scroll of magic mapping {unknown}
 o - a scroll of blinking {unknown}
Potions
 d - 3 potions of might
 g - 2 potions of invisibility {unknown}
 i - a potion of flight {unknown}
 j - a potion of heal wounds {unknown}
 l - 2 potions of curing {unknown}
Comestibles
 e - 4 rations
 p - 2 chunks of flesh


   Skills:
 + Level 3.4 Fighting
 * Level 4.2 Axes
 + Level 4.1 Armour
 + Level 4.2 Shields


You had 4 spell levels left.
You didn't know any spells.
Your spell library was empty.

Dungeon Overview and Level Annotations

Branches:
Dungeon (4/15)
 Temple: D:4-7

Altars:

Annotations:
D:4 Dowan, Duvessa


Innate Abilities, Weirdness & Mutations

You are resistant to damage.
You can heal yourself by infusing magical energy.
You passively map a small area around you.
You do not regenerate.


Message History

You closely miss the hound.
Your scale mail prevents you from hitting Duvessa.
* * * LOW HITPOINT WARNING * * *
You feel very sick. The hound bites you but does no damage.
Duvessa hits you but does no damage.
You are more poisoned.
Dowan hits you with a +0 dagger. The hound barely misses you.
Duvessa hits you with a +7 short sword of venom.
* * * LOW HITPOINT WARNING * * *
You are more poisoned.
You are too injured to fight recklessly!
* * * LOW HITPOINT WARNING * * *
You feel very sick.
Dowan mumbles some strange words.
Dowan blinks!
You are too injured to fight recklessly!
You are too injured to fight recklessly!
You are too injured to fight recklessly!
You fail to use your ability.
You die...

,, , #.# ** * , , * ###.#
#..... , , ..#.# #..#.#**
**#######.#.#######..#.#,
,,
###.....#.#.#..(.....#.# #
*
#.......#.#.#........#.#.#
,
#.......#.#.#........#.#..
,
#.......#@#.#........#.###
*
...e...eh.................
###.###.#.#.#######..#####
* # #.#.#.# #....... *
#.#.#.# #.###### * * ,
#...#.# #.# #.
.#####.#.#######.# #.
.......(.........# #. *
########.######### #.


You could see Duvessa, Dowan and a hound.

Vanquished Creatures
  A phantom (D:4)
  A hound (D:4)
  A worker ant (D:4)
  An adder (D:4)
  2 oozes
  A dart slug (D:1)
  A leopard gecko (D:1)
  2 bats (D:1)
  A giant cockroach (D:1)
  3 hobgoblins
  A jackal (D:2)
  A quokka (D:4)
  3 frilled lizards
  3 kobolds
22 creatures vanquished.

Notes
Turn   | Place    | Note
-------+----------+-------------------------------------------
     0 | D:1      | Flugslaktarn the Deep Dwarf Fighter began the quest for the
                  | Orb.
     0 | D:1      | Reached XP level 1. HP: 20/20 MP: 1/1
     0 | D:1      | Noticed a gargoyle
     0 | D:1      | Noticed an elf
     3 | D:1      | Noticed a formicid
     3 | D:1      | Noticed a dwarf
     5 | D:1      | Noticed an octopode
     6 | D:1      | Noticed a gargoyle
     7 | D:1      | Noticed a formicid
     8 | D:1      | Noticed a naga
    10 | D:1      | Noticed a centaur
    10 | D:1      | Noticed a vine stalker
    12 | D:1      | Noticed an elf
    14 | D:1      | Noticed a gargoyle
    14 | D:1      | Noticed an elf
    16 | D:1      | Noticed a spriggan
    16 | D:1      | Noticed a centaur
    16 | D:1      | Noticed a spriggan
    18 | D:1      | Noticed an octopode
    18 | D:1      | Noticed a dwarf
   216 | D:1      | Reached XP level 2. HP: 24/27 MP: 2/2
   535 | D:4      | Reached XP level 3. HP: 23/34 MP: 3/3
   562 | D:4      | Noticed a phantom
   623 | D:4      | Killed a phantom
   623 | D:4      | Reached XP level 4. HP: 13/42 MP: 4/4
   623 | D:4      | Reached XP level 5. HP: 15/49 MP: 5/5
   748 | D:4      | Noticed Dowan
   748 | D:4      | Noticed Duvessa
   762 | D:4      | Succumbed to Duvessa's poison

Illustrated notes

Levels and vault maps discovered:
D:1:      shiori_arrival_whats_in_store_for_you, layout_basic, dk_noncrumbling_4
D:2:      layout_loops_ring, first_ration, uniq_crazy_yiuf_cottage
D:3:      layout_basic, lemuel_doored_altar
D:4:      layout_basic, dk_noncrumbling_2, uniq_duvessa

Skill      XL: |  1  2  3 |
---------------+----------+-----
Axes           | 3 4 |  4.2
Fighting       | 3 |  3.4
Armour         | 4 |  4.1
Shields        | 4 |  4.2

Action                   |  1- 3 |  4- 6 || total
-------------------------+-------+-------++-------
Melee: War axe           |   100 |    35 ||   135
 Abil: Heal Wounds       |     2 |     2 ||     4
Armor: Scale mail        |    44 |    28 ||    72
Dodge: Dodged            |    37 |    12 ||    49
Block: Kite shield       |    46 |    27 ||    73

Table legend:
 A = Non-vault XP
 B = Vault XP
 C = Vault XP percentage of total XP
 D = Non-vault monster count
 E = Vault monster count
 F = Vault count percentage of total count
                 A         B        C        D         E       F
            +---------+---------+-------+---------+---------+-------
      Total |     263 |       0 |   0.0 |      22 |       0 |   0.0
            +---------+---------+-------+---------+---------+-------
        D:1 |      24 |       0 |   0.0 |       9 |       0 |   0.0
        D:2 |       3 |       0 |   0.0 |       2 |       0 |   0.0
        D:3 |      12 |       0 |   0.0 |       5 |       0 |   0.0
        D:4 |     224 |       0 |   0.0 |       6 |       0 |   0.0
            +---------+---------+-------+---------+---------+-------
